| TOP OF THE 1ST |
|
Tacoma Rainiers batting - Pitching for Omaha Storm Chasers : LHP John Brooks
|
|
Pitching: LHP John Brooks
|
|
|
Batting: RHB Julian Gregory
|
0-0: Bunt for hit to 3S - play at first, batter OUT! 3-4
|
|
Batting: LHB Jawad Fahad
|
0-0: Ball 1-0: Ball 2-0: Ground out 6-3 (Groundball, 6, EV 100.0 MPH)
|
|
Batting: RHB Chris Skaff
|
0-0: Called Strike 0-1: Called Strike 0-2: DOUBLE (Flyball, 78XD, EV 98.1 MPH)
|
|
Batting: RHB Zach Downs
|
0-0: SINGLE (Flyball, 8RS, EV 93.1 MPH) Chris Skaff to third Runner from 3rd tries for Home, SAFE, throw by CF to home
|
|
Batting: SHB Ray Skogen
|
0-0: Called Strike 0-1: Foul Ball, location: 2F 0-2: Ball 1-2: Ball 2-2: Fielders Choice at 2nd, 6-4 (Groundball, 6, EV 81.2 MPH)
|
| Top of the 1st over - 1 run, 2 hits, 0 errors, 1 left on base; Tacoma 1 - Omaha 0 |
| BOTTOM OF THE 1ST |
|
Omaha Storm Chasers batting - Pitching for Tacoma Rainiers : RHP Trevor Jacobsen
|
|
Pitching: RHP Trevor Jacobsen
|
|
|
Batting: RHB Yuichi Takata
|
0-0: Ball 1-0: TRIPLE (Flyball, 89XD, EV 96.2 MPH)
|
|
Batting: SHB Ryoji Hiraoka
|
0-0: Ball 1-0: Foul Ball, location: 2F 1-1: Called Strike 1-2: Strikes out swinging
|
|
Batting: RHB Adam Martin
|
0-0: Called Strike 0-1: Ball Wild Pitch! Yuichi Takata scores 1-1: Ball 2-1: Swinging Strike 2-2: Ball 3-2: Base on Balls
|
|
Batting: RHB Kazuki Arai
|
0-0: Foul Ball, location: 2F 0-1: Fielders Choice at 2nd, 4-6 (Groundball, 34, EV 85.0 MPH)
|
|
Batting: RHB Kevin Wimberly
|
0-0: Ball 1-0: Reached on error, E5 (Groundball, 5S, EV 90.6 MPH) Kazuki Arai to third
|
|
Batting: RHB Ken Postlethwaite
|
0-0: Fly out, F9 (Flyball, 9, EV 88.8 MPH)
|
| Bottom of the 1st over - 1 run, 1 hit, 1 error, 2 left on base; Tacoma 1 - Omaha 1 |
| TOP OF THE 2ND |
|
Tacoma Rainiers batting - Pitching for Omaha Storm Chasers : LHP John Brooks
|
|
Batting: RHB Josh Ruhl
|
0-0: Swinging Strike 0-1: Called Strike 0-2: Strikes out swinging
|
|
Batting: RHB Marco Diaz
|
0-0: Swinging Strike 0-1: Swinging Strike 0-2: Ball 1-2: Strikes out swinging
|
|
Batting: LHB Addisu Nyamekye
|
0-0: Ball 1-0: Ball 2-0: Foul Ball, location: 2F 2-1: Swinging Strike 2-2: Foul Ball, location: 2F 2-2: Foul Ball, location: 2F 2-2: Ball 3-2: Base on Balls
|
|
Batting: RHB Enrique Valdez
|
0-0: Ball 1-0: Fly out, F9 (Flyball, 89M, EV 86.9 MPH)
|
| Top of the 2nd over - 0 runs, 0 hits, 0 errors, 1 left on base; Tacoma 1 - Omaha 1 |
| BOTTOM OF THE 2ND |
|
Omaha Storm Chasers batting - Pitching for Tacoma Rainiers : RHP Trevor Jacobsen
|
|
Batting: RHB Chang-keun Baik
|
0-0: Ball 1-0: Ball 2-0: Fly out, F9 (Flyball, 9S, EV 90.6 MPH)
|
|
Batting: SHB Arturo Baez
|
0-0: Called Strike 0-1: Foul Ball, location: 2F 0-2: Ball 1-2: Ball 2-2: Ground out 3-1 (Groundball, 34S, EV 75.6 MPH)
|
|
Batting: RHB Justin Goff
|
0-0: Ball 1-0: Swinging Strike 1-1: Called Strike 1-2: Strikes out swinging
|
| Bottom of the 2nd over - 0 runs, 0 hits, 0 errors, 0 left on base; Tacoma 1 - Omaha 1 |
| TOP OF THE 3RD |
|
Tacoma Rainiers batting - Pitching for Omaha Storm Chasers : LHP John Brooks
|
|
Batting: RHB Julian Gregory
|
0-0: Ball 1-0: Ball 2-0: Ball 3-0: Base on Balls
|
|
Batting: LHB Jawad Fahad
|
0-0: Ball 1-0: Grounds into double play, 5-4-3 (Groundball, 56, EV 105.0 MPH)
|
|
Batting: RHB Chris Skaff
|
0-0: Ball 1-0: Ground out U3 (Groundball, 34S, EV 83.1 MPH)
|
| Top of the 3rd over - 0 runs, 0 hits, 0 errors, 0 left on base; Tacoma 1 - Omaha 1 |
| BOTTOM OF THE 3RD |
|
Omaha Storm Chasers batting - Pitching for Tacoma Rainiers : RHP Trevor Jacobsen
|
|
Batting: RHB Yuichi Takata
|
0-0: Called Strike 0-1: Ball 1-1: Foul Ball, location: 2F 1-2: Ground out 4-3 (Groundball, 4M, EV 101.2 MPH)
|
|
Batting: SHB Ryoji Hiraoka
|
0-0: Ball 1-0: Foul Ball, location: 2F 1-1: SINGLE (Flyball, 56D, EV 98.8 MPH)
|
|
Batting: RHB Adam Martin
|
0-0: Called Strike 0-1: Ball Wild Pitch! Ryoji Hiraoka to second 1-1: Foul Ball, location: 2F 1-2: Foul Ball, location: 2F 1-2: Ball 2-2: Foul Ball, location: 2F 2-2: Ball 3-2: Base on Balls
|
|
Batting: RHB Kazuki Arai
|
0-0: Ball 1-0: Ball 2-0: SINGLE (Groundball, 34, EV 94.4 MPH) Ryoji Hiraoka to third Adam Martin to second Throwing error, E9 Ryoji Hiraoka scores Adam Martin to third Kazuki Arai to second
|
|
Batting: RHB Kevin Wimberly
|
0-0: Called Strike 0-1: Ball 1-1: Ball 2-1: Swinging Strike 2-2: Strikes out swinging
|
|
Batting: RHB Ken Postlethwaite
|
0-0: Foul Ball, location: 2F 0-1: Called Strike 0-2: Ball 1-2: Foul Ball, location: 2F 1-2: Ball 2-2: Ball 3-2: Base on Balls
|
|
Batting: RHB Chang-keun Baik
|
0-0: Ball 1-0: Foul Ball, location: 2F 1-1: Called Strike 1-2: Ball 2-2: Foul Ball, location: 2F 2-2: Strikes out looking
|
| Bottom of the 3rd over - 1 run, 2 hits, 1 error, 3 left on base; Tacoma 1 - Omaha 2 |
| TOP OF THE 4TH |
|
Tacoma Rainiers batting - Pitching for Omaha Storm Chasers : LHP John Brooks
|
|
Batting: RHB Zach Downs
|
0-0: Foul Ball, location: 2F 0-1: Ball 1-1: Called Strike 1-2: Foul Ball, location: 2F 1-2: Ball 2-2: Ball 3-2: SINGLE (Flyball, 8RS, EV 93.1 MPH)
|
|
Batting: SHB Ray Skogen
|
0-0: Ball 1-0: Ball 2-0: Ball 3-0: Base on Balls Zach Downs to second
|
|
Batting: RHB Josh Ruhl
|
0-0: Ball 1-0: Ball 2-0: Ball 3-0: Called Strike 3-1: Fly out, F8 (Flyball, 78M, EV 93.8 MPH)
|
|
Batting: RHB Marco Diaz
|
0-0: Called Strike 0-1: Ball 1-1: Ball 2-1: Foul Ball, location: 2F 2-2: Ball 3-2: Fielders Choice at 2nd, 1-6 (Groundball, 13S, EV 71.9 MPH) Zach Downs to third
|
|
Batting: LHB Addisu Nyamekye
|
0-0: Called Strike 0-1: Ball 1-1: Swinging Strike 1-2: Fly out, F7 (Flyball, 7, EV 86.9 MPH)
|
| Top of the 4th over - 0 runs, 1 hit, 0 errors, 2 left on base; Tacoma 1 - Omaha 2 |
| BOTTOM OF THE 4TH |
|
Omaha Storm Chasers batting - Pitching for Tacoma Rainiers : RHP Trevor Jacobsen
|
|
Batting: SHB Arturo Baez
|
0-0: Foul Ball, location: 2F 0-1: Ball 1-1: Fly out, F7 (Flyball, 78S, EV 94.4 MPH)
|
|
Batting: RHB Justin Goff
|
0-0: Ball 1-0: Called Strike 1-1: Swinging Strike 1-2: Ball 2-2: SOLO HOME RUN (Flyball, 7LD, EV 91.2 MPH), Distance : 349 ft
|
|
Batting: RHB Yuichi Takata
|
0-0: Ground out 6-3 (Groundball, 6, EV 106.9 MPH)
|
|
Batting: SHB Ryoji Hiraoka
|
0-0: Called Strike 0-1: Ball 1-1: Foul Ball, location: 2F 1-2: Ball 2-2: Ground out 3-1 (Groundball, 34S, EV 87.5 MPH)
|
| Bottom of the 4th over - 1 run, 1 hit, 0 errors, 0 left on base; Tacoma 1 - Omaha 3 |
| TOP OF THE 5TH |
|
Tacoma Rainiers batting - Pitching for Omaha Storm Chasers : LHP John Brooks
|
|
Batting: RHB Enrique Valdez
|
0-0: Called Strike 0-1: Ball 1-1: Ball 2-1: Foul Ball, location: 2F 2-2: Ball 3-2: SINGLE (Groundball, 56D, EV 103.1 MPH)
|
|
Batting: RHB Julian Gregory
|
0-0: Ball 1-0: Called Strike 1-1: 2-RUN HOME RUN (Flyball, 9D, EV 94.4 MPH), Distance : 366 ft
|
|
Batting: LHB Jawad Fahad
|
0-0: Called Strike 0-1: SINGLE (Line Drive, 7S, EV 99.4 MPH)
|
|
Batting: RHB Chris Skaff
|
0-0: Called Strike 0-1: Called Strike 0-2: Ball 1-2: Strikes out swinging
|
|
Batting: RHB Zach Downs
|
0-0: Swinging Strike 0-1: Foul Ball, location: 2F 0-2: Ball 1-2: Foul Ball, location: 2F 1-2: Fly out, F7 (Flyball, 7, EV 90.6 MPH)
|
|
Batting: SHB Ray Skogen
|
0-0: Ball 1-0: Foul Ball, location: 2F 1-1: Swinging Strike 1-2: Ball 2-2: Fly out, F7 (Line Drive, 78D, EV 95.0 MPH)
|
| Top of the 5th over - 2 runs, 3 hits, 0 errors, 1 left on base; Tacoma 3 - Omaha 3 |
| BOTTOM OF THE 5TH |
|
Omaha Storm Chasers batting - Pitching for Tacoma Rainiers : RHP Trevor Jacobsen
|
|
Batting: RHB Adam Martin
|
0-0: Ball 1-0: Swinging Strike 1-1: Called Strike 1-2: SINGLE (Line Drive, 8RS, EV 106.2 MPH)
|
|
Pitching: RHP Chris Julien
|
|
|
Batting: RHB Kazuki Arai
|
0-0: Foul Ball, location: 2F 0-1: Ball 1-1: Foul Ball, location: 2F 1-2: Strikes out swinging
|
|
Batting: RHB Kevin Wimberly
|
0-0: Foul Ball, location: 2F 0-1: SINGLE (Groundball, 56D, EV 100.0 MPH) Adam Martin to second
|
|
Batting: RHB Ken Postlethwaite
|
0-0: Ball 1-0: Ball 2-0: Ball 3-0: Called Strike 3-1: Foul Ball, location: 2F 3-2: Fly out, F3 (Popup, 3SF, EV 76.2 MPH)
|
|
Batting: RHB Chang-keun Baik
|
0-0: Called Strike 0-1: Fielders Choice at 2nd, 5-4 (Groundball, 56, EV 92.5 MPH)
|
| Bottom of the 5th over - 0 runs, 2 hits, 0 errors, 2 left on base; Tacoma 3 - Omaha 3 |
| TOP OF THE 6TH |
|
Tacoma Rainiers batting - Pitching for Omaha Storm Chasers : LHP John Brooks
|
|
Batting: RHB Josh Ruhl
|
0-0: Called Strike 0-1: Foul Ball, location: 2F 0-2: Ball 1-2: Strikes out looking
|
|
Batting: RHB Marco Diaz
|
0-0: Fly out, F9 (Flyball, 9LM, EV 89.4 MPH)
|
|
Batting: LHB Addisu Nyamekye
|
0-0: Ball 1-0: Foul Ball, location: 2F 1-1: SINGLE (Groundball, 4MD, EV 100.6 MPH)
|
|
Batting: RHB Enrique Valdez
|
0-0: Ball 1-0: Foul Ball, location: 2F 1-1: Foul Ball, location: 2F 1-2: Ground out 6-3 (Groundball, 6MS, EV 68.8 MPH)
|
| Top of the 6th over - 0 runs, 1 hit, 0 errors, 1 left on base; Tacoma 3 - Omaha 3 |
| BOTTOM OF THE 6TH |
|
Omaha Storm Chasers batting - Pitching for Tacoma Rainiers : RHP Chris Julien
|
|
Batting: SHB Arturo Baez
|
0-0: Ball 1-0: Foul Ball, location: 2F 1-1: Called Strike 1-2: Ball 2-2: TRIPLE (Flyball, 89XD, EV 97.5 MPH)
|
|
Batting: RHB Justin Goff
|
0-0: Ball 1-0: Ball 2-0: Foul Ball, location: 2F 2-1: Ball 3-1: Ground out 4-3 (Groundball, 4S, EV 77.5 MPH)
|
|
Batting: RHB Yuichi Takata
|
0-0: Foul Ball, location: 2F 0-1: Ball 1-1: Swinging Strike 1-2: Ball 2-2: Fly out, F8 (Flyball, 78M, EV 91.2 MPH) Runner from 3rd tags up, OUT at HOME! 8-2
|
| Bottom of the 6th over - 0 runs, 1 hit, 0 errors, 0 left on base; Tacoma 3 - Omaha 3 |
| TOP OF THE 7TH |
|
Tacoma Rainiers batting - Pitching for Omaha Storm Chasers : LHP John Brooks
|
|
Batting: RHB Julian Gregory
|
0-0: Fly out, F7 (Flyball, 78S, EV 86.9 MPH)
|
|
Batting: LHB Jawad Fahad
|
0-0: Called Strike 0-1: Fly out, F9 (Flyball, 9D, EV 91.2 MPH)
|
|
Batting: RHB Chris Skaff
|
0-0: Ball 1-0: Ball 2-0: Ball 3-0: Foul Ball, location: 2F 3-1: Swinging Strike 3-2: Foul Ball, location: 2F 3-2: Foul Ball, location: 2F 3-2: Strikes out swinging
|
| Top of the 7th over - 0 runs, 0 hits, 0 errors, 0 left on base; Tacoma 3 - Omaha 3 |
| BOTTOM OF THE 7TH |
|
Omaha Storm Chasers batting - Pitching for Tacoma Rainiers : RHP Chris Julien
|
|
Pitching: RHP Kyle Wood
|
|
|
Batting: SHB Ryoji Hiraoka
|
0-0: Called Strike 0-1: Ball 1-1: Ball 2-1: Ground out U3 (Groundball, 3L, EV 77.5 MPH)
|
|
Batting: RHB Adam Martin
|
0-0: Foul Ball, location: 2F 0-1: Ball 1-1: Ball 2-1: Ball 3-1: Foul Ball, location: 2F 3-2: DOUBLE (Line Drive, 78XD, EV 105.6 MPH)
|
|
Batting: RHB Kazuki Arai
|
0-0: Foul Ball, location: 2F 0-1: Called Strike 0-2: Ball 1-2: Ball 2-2: Ground out 6-3 (Groundball, 6, EV 81.9 MPH)
|
|
Pinch Hitting: LHB Robby Diaz
|
0-0: Swinging Strike 0-1: Swinging Strike 0-2: Ball 1-2: Reached via error on a dropped throw from 2B, E3 (Groundball, 4M, EV 107.5 MPH) Adam Martin to third
|
|
Batting: RHB Ken Postlethwaite
|
0-0: Ball Wild Pitch! Adam Martin scores Robby Diaz to second 1-0: Ball 2-0: Called Strike 2-1: Ground out 5-3 (Groundball, 56S, EV 95.0 MPH)
|
| Bottom of the 7th over - 1 run, 1 hit, 1 error, 1 left on base; Tacoma 3 - Omaha 4 |
| TOP OF THE 8TH |
|
Tacoma Rainiers batting - Pitching for Omaha Storm Chasers : LHP John Brooks
|
|
Pitching: RHP Ian Current
|
|
|
Now in LF: Ryoji Hiraoka
|
|
|
Now in RF: Chad Sullivan
|
|
|
Batting: RHB Zach Downs
|
0-0: Ball 1-0: Called Strike 1-1: Called Strike 1-2: Foul Ball, location: 2F 1-2: Ball 2-2: Ground out 6-3 (Groundball, 56, EV 97.5 MPH)
|
|
Batting: SHB Ray Skogen
|
0-0: Ball 1-0: Swinging Strike 1-1: Ball 2-1: Swinging Strike 2-2: Ball 3-2: Strikes out swinging
|
|
Batting: RHB Josh Ruhl
|
0-0: Foul Ball, location: 2F 0-1: SINGLE (Groundball, 56S, EV 67.5 MPH) (infield hit)
|
|
Batting: RHB Marco Diaz
|
0-0: Ball 1-0: Called Strike 1-1: Ball 2-1: Swinging Strike 2-2: Strikes out swinging
|
| Top of the 8th over - 0 runs, 1 hit, 0 errors, 1 left on base; Tacoma 3 - Omaha 4 |
| BOTTOM OF THE 8TH |
|
Omaha Storm Chasers batting - Pitching for Tacoma Rainiers : RHP Kyle Wood
|
|
Pitching: LHP Ben Burton
|
|
|
Batting: RHB Chang-keun Baik
|
0-0: Ball 1-0: Called Strike 1-1: Foul Ball, location: 2F 1-2: Ball 2-2: Fly out, F9 (Line Drive, 9S, EV 93.1 MPH)
|
|
Batting: SHB Arturo Baez
|
0-0: Ground out 4-3 (Groundball, 4, EV 84.4 MPH)
|
|
Batting: RHB Justin Goff
|
0-0: Ground out U3 (Groundball, 34, EV 88.8 MPH)
|
| Bottom of the 8th over - 0 runs, 0 hits, 0 errors, 0 left on base; Tacoma 3 - Omaha 4 |
| TOP OF THE 9TH |
|
Tacoma Rainiers batting - Pitching for Omaha Storm Chasers : RHP Ian Current
|
|
Pitching: RHP Greg Sell
|
|
|
Batting: LHB Addisu Nyamekye
|
0-0: Ball 1-0: Ball 2-0: Called Strike 2-1: Ball 3-1: Base on Balls
|
|
Pinch Hitting: LHB Josh Pittman
|
0-0: Foul Ball, location: 2F 0-1: Ball 1-1: Foul Ball, location: 2F 1-2: Fly out, F7 (Flyball, 7S, EV 91.2 MPH)
|
|
Batting: RHB Julian Gregory
|
0-0: Called Strike 0-1: Foul Ball, location: 2F 0-2: Fielders Choice at 2nd, 4-6 (Groundball, 34, EV 84.4 MPH)
|
|
Batting: LHB Jawad Fahad
|
0-0: Called Strike 0-1: Foul Ball, location: 2F 0-2: Strikes out looking
|
| Top of the 9th over - 0 runs, 0 hits, 0 errors, 1 left on base; Tacoma 3 - Omaha 4 |
|